 Dungeon Crawl Stone Soup version 0.31.0-11-ge490571c62 (webtiles) character file.

Game seed: 17646702822546546750

770 LobsterGuardian the Covert (level 7, -3/32 HPs)
             Began as a Spriggan Enchanter on Jan 28, 2024.
             Slain by Duvessa
             ... wielding a +0 short sword
              (11 damage)
             ... on level 5 of the Dungeon.
             The game lasted 00:19:24 (4692 turns).

LobsterGuardian the Covert (Spriggan Enchanter)     Turns: 4692, Time: 00:19:25

Health: -3/32      AC:  2    Str:  8    XL:     7   Next: 52%
Magic:  6/14       EV: 18    Int: 17    God:
Gold:   228        SH:  0    Dex: 15    Spells: 10/15 levels left

rFire   . . .        h - +2 dagger (flame)
rCold   + . .        (no shield)
rNeg    . . .        b - +0 robe
rPois   .            (helmet restricted)
rElec   .            (no cloak)
rCorr   .            (gloves unavailable)
SInv    +            (boots unavailable)
Will    +....        (no amulet)
Stlth   ++++         (no ring)
HPRegen 0.25/turn    (no ring)
MPRegen 0.14/turn

%: no passive effects
@: very quick
A: very small, no large weapons, unfitting armour, see invisible, speed 3, cold
resistance 1, strong 1, wild magic 1, sturdy frame 1
a: no special abilities


You were on level 5 of the Dungeon.
You visited 1 branch of the dungeon, and saw 5 of its levels.

You collected 228 gold pieces.

Inventory:

Hand Weapons
 h - a +2 dagger of flaming (weapon)
Armour
 b - a +0 robe (worn)
Jewellery
 e - a ring of poison resistance
Wands
 p - a wand of charming (14)
 q - a wand of flame (18)
Scrolls
 d - a scroll of vulnerability
 g - a scroll of summoning {unknown}
 i - a scroll of enchant weapon
 k - a scroll of noise
 l - a scroll of fear
 n - a scroll of amnesia {unknown}
Potions
 a - a potion of lignification
 c - a potion of attraction
 f - 2 potions of curing
 j - 2 potions of degeneration
 m - a potion of haste {unknown}
 o - 2 potions of mutation


   Skills:
 + Level 0.4 Fighting
 + Level 2.6 Short Blades
 + Level 3.9 Dodging
 + Level 9.2 Stealth
 + Level 4.5 Spellcasting
 * Level 6.2 Hexes
 + Level 1.5 Ice Magic


You had 10 spell levels left.
You knew the following spells:

 Your Spells              Type           Power      Damage    Failure   Level
a - Ensorcelled Hibernat  Hex/Ice        44%        N/A       8%          2
b - Confusing Touch       Hex            32%        N/A       6%          3

Your spell library contained the following spells:

 Spells                   Type           Power      Damage    Failure   Level
 Tukima's Dance           Hex            32%        N/A       6%          3
 Dazzling Flash           Conj/Hex       36%        N/A       19%         3


Dungeon Overview and Level Annotations

Branches:
Dungeon (5/15)
 Temple: D:4-7

Altars:
Elyvilon
Makhleb
Nemelex Xobeh
Ru
Yredelemnul
The Shining One

Shops:
D:3 !   D:4 *

Annotations:
D:3 3 runed translucent doors, TheBioAlchemist's ghost, amateur TeAE
D:4 3 runed translucent doors, jorslayerofgods's ghost, amateur DrFE
D:5 Dowan; Duvessa


Innate Abilities, Weirdness & Mutations

You are very small and have problems with some larger weapons.
You are too small for most types of armour.
You have supernaturally acute eyesight. (SInv)
You cover ground extremely quickly. (Speed+++)
Your flesh is cold resistant. (rC+)
Your muscles are strong. (Str +4, Int/Dex -1)
Your spells are a little harder to cast, but a little more powerful.
Your movements are slightly less encumbered by armour. (ER -2)


Message History

There is a stone staircase leading up here.
Prince Ribbit croaks.
Prince Ribbit is nearby!
Prince Ribbit is nearby!
Prince Ribbit looks drowsy...
The helpless Prince Ribbit fails to defend himself.
You stick Prince Ribbit like a pincushion!!!
You burn Prince Ribbit!
You kill Prince Ribbit!
Your Stealth skill increases to level 9!
Your Hexes skill increases to level 6!
Casting: Ensorcelled Hibernation (safe; 8% risk of failure)
Confirm with . or Enter, or press ? or * to list all spells.
Your hands begin to glow red.
You hit Dowan but do no damage. Dowan barely misses you.
You barely miss Dowan. Dowan hits you with a +0 dagger.
You hit Dowan but do no damage.
Dowan appears confused.
Dowan hits you with a +0 dagger. Duvessa hits you with a +0 short sword!
* * * LOW HITPOINT WARNING * * *
Dowan closely misses you.
Casting: Confusing Touch (dangerous; 6% risk of failure)
Confirm with . or Enter, or press ? or * to list all spells.
Aiming: Ensorcelled Hibernation (safe; 8% risk of failure)
Press: ? - help, Shift-Dir - straight line, f - Duvessa
Aim: Duvessa, wielding a +0 short sword and wearing a +0 leather armour (chance to affect: 37%) Duvessa easily resists.
Duvessa misses you.
Dowan asks, "Where am I?"
Unknown command.
Casting: Ensorcelled Hibernation (safe; 8% risk of failure)
Confirm with . or Enter, or press ? or * to list all spells.
Aiming: Ensorcelled Hibernation (safe; 8% risk of failure)
Press: ? - help, Shift-Dir - straight line, f/p - Duvessa
Aim: Duvessa, wielding a +0 short sword and wearing a +0 leather armour (chance to affect: 37%) Duvessa easily resists.
Dowan completely misses you. Duvessa hits you with a +0 short sword!
* * * LOW HITPOINT WARNING * * *
You feel better. Dowan closely misses you.
Dowan barely misses himself.
Duvessa hits you with a +0 short sword!
You die...

#. #. .### #.##.# ...#
#.##.#####..#
##........##.#
##.........##.#######.
##..........##?....e...
#..........e...<.#
#.........@.##...#
#..........e##....#
#...........###......
#..........## ####F#..
##......†[## ....#
##....<...## #..#
#..........# ..
#..........#
#..........#


You could see Duvessa and Dowan (confused).

Vanquished Creatures
  Prince Ribbit (D:5)
  Menkaure (D:4)
  A scorpion (D:4)
  A bombardier beetle (D:4)
  A hound (D:5)
  A scorpion zombie (D:4)
  An iguana (D:5)
  An orc wizard (D:4)
  Ijyb (D:4)
  Natasha (thrice) (D:2)
  A hound zombie (D:4)
  Robin (D:1)
  A gnoll (D:2)
  2 adders (D:2)
  3 dart slugs
  4 ribbon worms
  14 orcs
  6 ball pythons
  7 endoplasms
  5 giant cockroaches
  13 goblins
  10 hobgoblins
  2 jackals (D:3)
  3 quokkas
  4 bats
  6 frilled lizards
  4 kobolds
  4 rats
102 creatures vanquished.

Notes
Turn   | Place    | Note
-------+----------+-------------------------------------------
     0 | D:1      | LobsterGuardian the Spriggan Enchanter began the quest for
                  | the Orb.
     0 | D:1      | Reached XP level 1. HP: 9/9 MP: 5/5
     6 | D:1      | Noticed a ragged hierophant
     6 | D:1      | Noticed a tyrant leech
     6 | D:1      | Noticed a basilisk
     7 | D:1      | Noticed a centaur
   203 | D:1      | Reached XP level 2. HP: 13/13 MP: 6/6
   206 | D:1      | Learned a level 2 spell: Ensorcelled Hibernation
   433 | D:1      | Reached skill level 5 in Stealth
   930 | D:2      | Noticed Robin
   957 | D:1      | Killed Robin
   958 | D:1      | Reached XP level 3. HP: 15/16 MP: 5/8
   962 | D:1      | Learned a level 3 spell: Confusing Touch
  1071 | D:2      | Gained mutation: Your spells are a little harder to cast,
                  | but a little more powerful. [potion of mutation]
  1071 | D:2      | Gained mutation: Your flesh is cold resistant. (rC+)
                  | [potion of mutation]
  1071 | D:2      | Gained mutation: Your movements are slightly less
                  | encumbered by armour. (ER -2) [potion of mutation]
  1071 | D:2      | Gained mutation: Your muscles are strong. (Str +4, Int/Dex
                  | -1) [potion of mutation]
  1439 | D:2      | Reached skill level 6 in Stealth
  1542 | D:2      | Noticed Natasha
  1553 | D:2      | Killed Natasha
  1554 | D:2      | Reached XP level 4. HP: 5/21 MP: 3/9
  1749 | D:2      | Noticed Natasha
  1761 | D:2      | Killed Natasha
  2025 | D:2      | Reached XP level 5. HP: 24/24 MP: 8/10
  2200 | D:2      | Noticed Natasha
  2209 | D:2      | Killed Natasha
  2210 | D:2      | Reached skill level 7 in Stealth
  2253 | D:3      | Found a runed translucent gate.
  2254 | D:3      | Found a runed translucent gate.
  2255 | D:3      | Found a runed translucent gate.
  2256 | D:3      | Noticed TheBioAlchemist's ghost (amateur TeAE)
  2256 | D:3      | Identified the +4 mace of Responsibility {protect, rC++
                  | rCorr Str+4}
  2272 | D:3      | Found a glowing golden altar of the Shining One.
  2440 | D:3      | Found Jereblusm's Distillery.
  2689 | D:3      | Found a sacrificial altar of Ru.
  2870 | D:3      | Found a faded altar of an unknown god.
  3500 | D:4      | Reached skill level 5 in Hexes
  3694 | D:4      | Reached XP level 6. HP: 28/28 MP: 5/12
  3768 | D:4      | Found Neoz's General Store.
  3806 | D:4      | Found a white marble altar of Elyvilon.
  3828 | D:4      | Noticed Ijyb
  3829 | D:4      | Found a burning altar of Makhleb.
  3837 | D:4      | Killed Ijyb
  3838 | D:4      | Reached skill level 1 in Ice Magic
  3871 | D:4      | Found a sparkling altar of Nemelex Xobeh.
  3902 | D:4      | Found a runed translucent gate.
  3902 | D:4      | Found a runed translucent gate.
  3902 | D:4      | Found a runed translucent gate.
  3902 | D:4      | Noticed jorslayerofgods's ghost (amateur DrFE)
  3905 | D:4      | Found a basalt altar of Yredelemnul.
  3905 | D:4      | Noticed Menkaure
  3961 | D:4      | Reached skill level 8 in Stealth
  4240 | D:4      | Killed Menkaure
  4241 | D:4      | Reached XP level 7. HP: 20/32 MP: 7/13
  4575 | D:5      | Entered Level 5 of the Dungeon
  4646 | D:5      | Noticed Dowan
  4647 | D:5      | Noticed Duvessa
  4649 | D:5      | Noticed Prince Ribbit
  4684 | D:5      | Killed Prince Ribbit
  4685 | D:5      | Reached skill level 9 in Stealth
  4692 | D:5      | Slain by Duvessa

Illustrated notes

Levels and vault maps discovered:
D:1:      onia_arrival_zoo_common, layout_loops_ring
D:2:      layout_rooms, minmay_three_crescents, uniq_robin, uniq_natasha
D:3:      layout_basic, mainiacjoe_overflow_alcove_4,
          mainiacjoe_overflow_boulevard, basic_ecumenical_altar, serial_shops,
          shop, biasface_ghost_orc_armoury
D:4:      layout_basic, mainiacjoe_overflow_surrounded_room,
          mainiacjoe_overflow_paths, nicolae_yredelemnul_ghost_church,
          nicolae_overflow_hidden_temple, serial_shops,
          nicolae_shop_behind_doors, uniq_ijyb, uniq_menkaure
D:5:      layout_rooms, temple_doors_cd, uniq_duvessa, uniq_grinder,
          uniq_prince_ribbit1

Skill      XL: |  1  2  3  4  5  6  7 |
---------------+----------------------+-----
Hexes          | 4 5 6 |  6.2
Stealth        | 5 6 7 8 9 |  9.2
Dodging        | 3 |  3.9
Spellcasting   | 3 4 |  4.5
Ice Magic      | 1 |  1.5
Short Blades   | 2 |  2.6
Fighting       | |  0.4

Action                     |  1- 3 |  4- 6 |  7- 9 || total
---------------------------+-------+-------+-------++-------
  Melee: Dagger            |    76 |   142 |    15 ||   233
         Punch             |     1 |     2 |       ||     3
   Cast: Ensorcelled Hiber |    18 |    42 |     5 ||    65
         Confusing Touch   |     1 |     3 |     1 ||     5
    Use: Potion            |     5 |     1 |     1 ||     7
         Scroll            |       |     6 |     2 ||     8
   Stab: Sleeping          |    25 |    41 |     3 ||    69
         Distracted        |       |     3 |       ||     3
         Confused          |       |     2 |       ||     2
 Armour: Robe              |    16 |    33 |     9 ||    58
  Dodge: Dodged            |    63 |    71 |    13 ||   147
